 Dungeon Crawl Stone Soup version 0.20.0-15-g7f486f2 (webtiles) character file.

862 Noshyer the Insei (level 8, -4/54 HPs)
             Began as an Octopode Transmuter on June 25, 2017.
             Shot with an arrow by a centaur (13 damage)
             ... on level 5 of the Dungeon.
             The game lasted 00:18:38 (5400 turns).

Noshyer the Insei (Octopode Transmuter)             Turns: 5400, Time: 00:18:39

Health: -4/54      AC:  1    Str:  9    XL:     8   Next: 2%
Magic:  11/13      EV: 15    Int: 18    God:
Gold:   193        SH:  0    Dex: 15    Spells: 3/14 levels left

rFire    . . .     SeeInvis .     - Unarmed
rCold    . . .     Gourm    .   (no shield)
rNeg     + . .     Faith    .   (helmet restricted)
rPois    .         Spirit   .   i - amulet of rage
rElec    .         Reflect  .   r - ring of positive energy
rCorr    .         Harm     .   t - +3 ring of intelligence
MR       .....                  (no ring)
Stlth    ++........             (no ring)
Regen    0.2/turn               (no ring)
MPRegen  0.2/turn               (no ring)
                                (no ring)
                                (no ring)

@: no status effects
A: almost no armour, stealthy swim, amphibious, 8 rings, constrict 8, camouflage
1, gelatinous body 1
a: Evoke Berserk Rage


You were on level 5 of the Dungeon.
You were not hungry.

You visited 1 branch of the dungeon, and saw 5 of its levels.

You collected 193 gold pieces.

Inventory:

Hand Weapons
 y - a +1 dagger of venom
Missiles
 a - 92 arrows
 o - 2 tomahawks (quivered)
Jewellery
 h - an uncursed ring of loudness
 i - an amulet of rage (around mantle)
 r - a ring of positive energy (left tentacle)
 t - a +3 ring of intelligence (right tentacle)
Wands
 j - a wand of scattershot (3/9)
 A - a wand of scattershot (4/9)
Scrolls
 g - 4 scrolls of identify
 l - a scroll of remove curse
 s - 3 scrolls of magic mapping {unknown}
 w - a scroll of recharging {unknown}
 x - a scroll of teleportation {unknown}
Potions
 d - a potion of resistance
 e - 3 potions of mutation {unknown}
 k - a potion of haste
 m - a potion of berserk rage {unknown}
 n - a potion of lignification {unknown}
 p - 2 potions of curing
 q - 2 potions of flight {unknown}
 u - 2 potions of agility
Books
 b - a book of Changes

   Spells                             Type                      Level
   a - Beastly Appendage              Transmutation                1
   b - Sticks to Snakes               Transmutation                2
   c - Spider Form                    Transmutation/Poison         3
   d - Ice Form                       Ice/Transmutation            4
   e - Blade Hands                    Transmutation                5
 v - a book of Cantrips

   Spells                             Type                      Level
   a - Confusing Touch                Hexes                        1
   b - Animate Skeleton               Necromancy                   1
   c - Summon Small Mammal            Summoning                    1
   d - Apportation                    Translocation                1
Comestibles
 c - 3 bread rations
 f - 3 meat rations
 B - a royal jelly


   Skills:
 + Level 4.0 Fighting
 + Level 3.5 Dodging
 * Level 5.8 Unarmed Combat
 + Level 3.8 Spellcasting
 + Level 0.2 Hexes
 + Level 3.6 Transmutations
 + Level 1.2 Poison Magic


You had 3 spell levels left.
You knew the following spells:

 Your Spells              Type           Power        Failure   Level  Hunger
a - Beastly Appendage     Tmut           ###...       3%          1    None
b - Sticks to Snakes      Tmut           ###.....     4%          2    ##.....
c - Spider Form           Tmut/Pois      ##........   17%         3    ###....
d - Confusing Touch       Hex            #.....       14%         1    None
e - Ice Form              Ice/Tmut       #.......     56%         4    ####...


Dungeon Overview and Level Annotations

Branches:
Dungeon (5/15)             Temple (0/1) D:4

Altars:
Qazlal


Innate Abilities, Weirdness & Mutations

You cannot wear most types of armour.
You are very stealthy in the water. (Stealth+)
You are amphibious.
You can wear up to eight rings at the same time.
You can use your tentacles to constrict eight enemies at once.
Your skin changes colour to match your surroundings (Stealth+).
Your rubbery body absorbs attacks. (AC +1, EV +1)


Message History

Things that are here:
an arrow; 14 stones
Casting: Confusing Touch
Confirm with . or Enter, or press ? or * to list all spells.
You create a snake!
You now have 92 arrows.
The centaur shoots an arrow.
The arrow barely misses your ball python.
The arrow barely misses you.
The centaur shoots an arrow.
The arrow closely misses your ball python.
The arrow closely misses you.
The centaur shoots an arrow.
The arrow hits your ball python!
Your ball python dies!
All of the chunks of flesh in your inventory have rotted away.
The centaur shoots an arrow.
The arrow closely misses you.
You see here an arrow.
The centaur shoots an arrow.
The arrow hits you!!
* * * LOW HITPOINT WARNING * * *
There is a stone staircase leading up, spattered with blood here.
You see here an arrow.
The centaur shoots an arrow.
The arrow hits you!
You die...

#.# #........ #c#
#.##.###. #(# #.##.# #.
#(# #.##.# #. #.# #....#
#. #.# #..### #. #(## #..#
#. ####..# ###..#####.
##.###@# #.........^
####...##.######.#...####.
+.....).................+.
####......######.#...####.
#......# #.##.## ##
#......# #.#### # ###.####
#.# #.# #.# #.# ####.#####


You could see a centaur.

Vanquished Creatures
  Sigmund (D:2)
  An ogre (D:3)
  A centaur (D:5)
  A scorpion (D:4)
  A howler monkey (D:5)
  A crimson imp (D:5)
  An orc priest (D:3)
  A centaur skeleton (D:4)
  3 orc wizards
  Jessica (D:3)
  Terence (D:2)
  An iguana (D:4)
  A worker ant (D:4)
  Robin (D:2)
  7 adders
  An ooze (D:2)
  An adder skeleton (D:4)
  A worm (D:2)
  6 dart slugs
  2 leopard geckos
  7 orcs
  10 bats
  2 giant cockroaches
  16 goblins
  8 hobgoblins
  A jackal (D:4)
  A quokka (D:2)
  4 ball pythons
  2 frilled lizards
  6 kobolds
  A quokka skeleton (D:4)
  6 rats
98 creatures vanquished.

Vanquished Creatures (collateral kills)
  2 orcs (D:3)
2 creatures vanquished.

Grand Total: 100 creatures vanquished

Notes
Turn   | Place    | Note
-------+----------+-------------------------------------------
     0 | D:1      | Noshyer the Octopode Transmuter began the quest for the Orb.
     0 | D:1      | Reached XP level 1. HP: 13/13 MP: 3/3
   162 | D:1      | Reached XP level 2. HP: 15/18 MP: 5/5
   683 | D:1      | Learned a level 2 spell: Sticks to Snakes
  1232 | D:1      | Reached XP level 3. HP: 24/24 MP: 6/6
  1466 | D:2      | Learned a level 3 spell: Spider Form
  1501 | D:2      | Noticed Robin
  1532 | D:2      | Killed Robin
  1533 | D:2      | HP: 1/24 [goblin[Robin] (3)]
  1671 | D:2      | Reached XP level 4. HP: 10/29 MP: 7/7
  1811 | D:2      | Noticed Terence
  1971 | D:2      | Killed Terence
  1995 | D:2      | Noticed Sigmund
  2011 | D:2      | Killed Sigmund
  2011 | D:2      | Reached skill level 4 in Unarmed Combat
  2011 | D:2      | Reached XP level 5. HP: 18/35 MP: 4/9
  2011 | D:2      | Reached XP level 6. HP: 21/41 MP: 4/10
  2809 | D:3      | Noticed Jessica
  2994 | D:3      | Killed Jessica
  3504 | D:3      | Reached XP level 7. HP: 27/46 MP: 5/12
  3513 | D:3      | Reached skill level 5 in Unarmed Combat
  3770 | D:4      | Found a stormy altar of Qazlal.
  4288 | D:4      | Learned a level 1 spell: Confusing Touch
  4293 | D:4      | Learned a level 4 spell: Ice Form
  4651 | D:4      | Found a staircase to the Ecumenical Temple.
  4876 | D:5      | Entered Level 5 of the Dungeon
  5035 | D:5      | Reached skill level 1 in Poison Magic
  5138 | D:5      | Reached XP level 8. HP: 35/54 MP: 11/13
  5400 | D:5      | Shot with an arrow by a centaur

Skill      XL: |  1  2  3  4  5  6  7 |
---------------+----------------------+-----
Fighting       | 2 3 4 |  4.0
Dodging        | 3 |  3.5
Unarmed Combat | 4 5 |  5.8
Spellcasting   | 3 |  3.8
Transmutations | 3 |  3.6
Poison Magic   | 1 |  1.2
Hexes          | |  0.2

Action                   |  1- 3 |  4- 6 |  7- 9 || total
-------------------------+-------+-------+-------++-------
Melee: Unarmed           |    70 |    99 |   110 ||   279
       Constrict         |    21 |    19 |    23 ||    63
       Tentacles         |    11 |    13 |    20 ||    44
       Kick              |     5 |     8 |    15 ||    28
       Punch             |       |     2 |     7 ||     9
 Cast: Beastly Appendage |     2 |     6 |     4 ||    12
       Sticks to Snakes  |     1 |     7 |     2 ||    10
       Spider Form       |       |     5 |     1 ||     6
       Confusing Touch   |       |       |     8 ||     8
  Use: Scroll            |     4 |       |       ||     4
       Potion            |     4 |     1 |       ||     5
 Stab: Sleeping          |     4 |     7 |     6 ||    17
       Distracted        |     1 |       |       ||     1
       Confused          |       |       |     7 ||     7
  Eat: Chunk             |     2 |     7 |     5 ||    14
       Royal jelly       |       |       |     1 ||     1
Armor: Skin              |    11 |    12 |     3 ||    26
Dodge: Dodged            |    50 |    70 |    53 ||   173
